 Dungeon Crawl Stone Soup version 0.30-a0-777-ga9a30cbeda (webtiles) character file.

Game seed: 14838304693226349305

39 Dirtsage the Slasher (level 3, -4/24 (29) HPs)
             Began as a Demonspawn Monk on Feb 14, 2023.
             Slain by a gnoll
             ... wielding a +0 club
              (7 damage)
             ... on level 2 of the Dungeon.
             The game lasted 00:03:13 (969 turns).

Dirtsage the Slasher (Demonspawn Monk)               Turns: 969, Time: 00:03:13

HP:   -4/24 (29)    AC:  5    Str: 11    XL:     3   Next: 26%
MP:   3/3           EV: 12    Int: 11    God:
Gold: 44            SH:  0    Dex: 17    Spells: 2/2 levels left

rFire   . . .      SeeInvis .    a - +0 falchion
rCold   . . .      Faith    .    (no shield)
rNeg    . . .      Spirit   .    h - +0 leather armour
rPois   .          Reflect  .    (no helmet)
rElec   .          Harm     .    (no cloak)
rCorr   .          Rampage  .    (no gloves)
Will    .....                    (no boots)
Stlth   ++                       (no amulet)
HPRegen 0.24/turn                (no ring)
MPRegen 0.08/turn                (no ring)

@: heavily drained
A: thin metallic scales 1
a: no special abilities


You were on level 2 of the Dungeon.
You visited 1 branch of the dungeon, and saw 2 of its levels.

You collected 86 gold pieces.
You spent 42 gold pieces at shops.

Inventory:

Hand Weapons
 a - a +0 falchion (weapon)
 d - a +1 dagger of pain
Armour
 b - a +0 robe
 h - a +0 leather armour (worn)
Scrolls
 e - 3 scrolls of identify {unknown}
 g - a scroll of fear {unknown}
Potions
 c - 2 potions of ambrosia
 f - a potion of haste {unknown}
 q - a potion of curing


   Skills:
 - Level 3.0 Fighting
 + Level 4.0 Long Blades
 - Level 2.6 Dodging
 - Level 1.7 Stealth


You had 2 spell levels left.
You didn't know any spells.
Your spell library was empty.

Dungeon Overview and Level Annotations

Branches:
Dungeon (2/15)

Altars:

Shops:
D:1 ?*(=


Innate Abilities, Weirdness & Mutations

You are partially covered in thin metallic scales. (AC +2)


Message History

You feel agile. x2
You regained 2 hp, and now have 8/23 hp.
MP restored: 3
Things that are here:
a +0 short sword of draining; 4 stones; a kobold corpse
c - 2 potions of ambrosia (gained 1)
Things that are here:
a +0 dagger; 5 stones; a hobgoblin corpse A gnoll comes into view.
It is wielding a +0 spear.
The gnoll shouts!
The gnoll moves out of view.
Health restored: 23 A gnoll comes into view.
It is wielding a +0 club.
The gnoll hits you from afar with a +0 spear!
You take 7 damage, and have 16/23 hp.
MASSIVE DAMAGE!! 2 gnolls come into view.
The gnoll hits you with a +0 spear.
The gnoll moves out of view.
You take 5 damage, and have 11/23 hp.
MASSIVE DAMAGE!!
You are too injured to fight recklessly!
You are too injured to fight recklessly!
You are too injured to fight recklessly!
You closely miss the gnoll.
The gnoll shouts!
The gnoll hits you with a +0 spear.
You take 3 damage, and have 8/23 hp.
The gnoll shouts!
You hit the gnoll. You punch the gnoll.
The gnoll is severely wounded.
The gnoll closely misses you.
You hit the gnoll.
You kill the gnoll!
Your Long Blades skill increases to level 4!
The gnoll hits you but does no damage.
You see here a +0 spear.
The gnoll attacks as you move away! The gnoll barely misses you.
The gnoll attacks as you move away! The gnoll hits you with a +0 club.
* * * LOW HITPOINT WARNING * * *
You take 6 damage, and have 3/24 hp.
MASSIVE DAMAGE!!
The gnoll attacks as you move away! The gnoll hits you with a +0 club!
You die...

#.....................#
#.........#.###.......#
#.........#..###..⌠..##
#.........## # #.....#
#.........# #.....#
########### #..#### ##
# #.## .# #.##.## .#
#..@g.#### .#
#####.gg.# .# ####....#
.# ##..... .#######
.#.# ......<# # .
######## #### ....


You could see 3 gnolls.

Vanquished Creatures
  A gnoll (D:2)
  A dart slug (D:1)
  2 endoplasms (D:1)
  A giant cockroach (D:1)
  3 hobgoblins
  3 jackals (D:1)
  5 kobolds
  2 quokkas
  4 bats
  A frilled lizard (D:1)
  2 rats
25 creatures vanquished.

Notes
Turn   | Place    | Note
-------+----------+-------------------------------------------
     0 | D:1      | Dirtsage the Demonspawn Monk began the quest for the Orb.
     0 | D:1      | Reached XP level 1. HP: 18/18 MP: 1/1
    21 | D:1      | Found Bairinwaiq's Weapon Shoppe.
   110 | D:1      | Found Qutith's General Store.
   148 | D:1      | Reached skill level 3 in Long Blades
   204 | D:1      | Found Qaewk's Jewellery Boutique.
   221 | D:1      | Gained mutation: You are partially covered in thin metallic
                  | scales. (AC +2) [demonic ancestry]
   221 | D:1      | Reached XP level 2. HP: 21/24 MP: 2/2
   484 | D:1      | Bought a potion of curing for 42 gold pieces
   521 | D:1      | Found Ynadapp's Magic Scroll Shop.
   881 | D:2      | Reached XP level 3. HP: 8/23 MP: 3/3
   964 | D:2      | Reached skill level 4 in Long Blades
   969 | D:2      | Slain by a gnoll

Illustrated notes

Levels and vault maps discovered:
D:1:      kennysheep_arrival_forest, layout_rooms, serial_shops,
          nicolae_shop_window_shopping, shop, shop, nicolae_shop_hallway_stairs
D:2:      layout_basic, basic_altar, dreamdust_wishing_well

Skill      XL: |  1  2  3 |
---------------+----------+-----
Long Blades    | 3 4 |  4.0
Fighting       | |  3.0
Dodging        | |  2.6
Stealth        | |  1.7

Action                     || total
---------------------------++-------
  Melee: Falchion          ||    90
         Punch             ||     1
   Stab: Sleeping          ||     4
 Armour: Robe              ||    39
         Leather armour    ||     4
  Dodge: Dodged            ||    69

Table legend: (Time is in decaauts)
 A = Elapsed time spent in this place.
 B = Non-inter-level travel time spent in this place.
 C = Inter-level travel time spent in this place.
 D = Time resting spent in this place.
 E = Time spent auto-exploring this place.
 F = Levels seen in this place.
 G = Mean time per level.
                   A        B        C        D        E       F      G
               +--------+--------+--------+--------+--------+-----+--------+
         Total |    981 |    971 |     10 |      0 |    749 |   2 |  490.5 |
       Dungeon |    981 |    971 |     10 |      0 |    749 |   2 |  490.5 |
               +--------+--------+--------+--------+--------+-----+--------+

Top non-repeatable levels by time:
     D:1: 654 daAuts
     D:2: 327 daAuts
